 Dungeon Crawl Stone Soup version 0.18-a0-965-g9200175 (webtiles) character file.

247 Duffy the Ruffian (level 6, 0/43 HPs)
             Began as a Formicid Transmuter on Jan 2, 2016.
             Slain by a slave (5 damage)
             ... led by Pikel
             ... on level 3 of the Dungeon.
             The game lasted 00:03:54 (4087 turns).

Duffy the Ruffian (Formicid Transmuter)             Turns: 4087, Time: 00:03:54

Health: 0/43       AC:  5    Str: 15    XL:     6   Next: 34%
Magic:  18/18      EV: 11    Int: 12    God:
Gold:   91         SH:  0    Dex: 13    Spells: 1 memorised, 8 levels left

rFire  . . .     SeeInvis +       - Unarmed
rCold  . . .     Gourm    .     l - +0 ring mail
rNeg   . . .     Faith    .     (no shield)
rPois  .         Spirit   .     (helmet unavailable)
rElec  .         Dismiss  .     (no cloak)
rCorr  .         Reflect  .     (no gloves)
SustAt .         Harm     .     (no boots)
MR     .....                    (no amulet)
Stlth  +.........               (no ring)
                                o - ring of magical power

@: not resistant to hostile enchantments, very unstealthy
A: permanent stasis, dig shafts and tunnels, four strong arms, antennae 3
a: Dig, Shaft Self


You were on level 3 of the Dungeon.
You were hungry.

You visited 1 branch of the dungeon, and saw 4 of its levels.

You collected 91 gold pieces.


Innate Abilities, Weirdness & Mutations

You are under a permanent stasis effect.
You can dig through walls and to a lower floor.
Your four strong arms can wield two-handed weapons with a shield.
You have a pair of large antennae on your head (SInv).


   Skills:
 - Level 1.1 Fighting
 - Level 1.7 Dodging
 + Level 6.6 Unarmed Combat
 - Level 2.1 Spellcasting
 - Level 2.1 Transmutations


You had 8 spell levels left.
You knew the following spells:

 Your Spells              Type           Power        Failure   Level  Hunger
a - Beastly Appendage     Trmt           #.....       24%         1    ##.....

Inventory:

Missiles
 a - 12 arrows
 r - 16 poisoned needles
Armour
 b - a +0 robe
 l - a +0 ring mail (worn)
 q - a +0 chain mail
 y - a +0 large shield
Jewellery
 o - a ring of magical power (left hand)
Wands
 u - a wand of digging (15/24)
Scrolls
 h - 2 scrolls of fog {unknown}
 i - 2 scrolls of teleportation {unknown}
 j - a scroll of enchant weapon {unknown}
 k - a scroll of fear {unknown}
 t - 2 scrolls of blinking {unknown}
 x - 3 scrolls of identify {unknown}
Potions
 e - a potion of resistance {unknown}
 f - a potion of degeneration {unknown}
 g - a potion of brilliance {unknown}
 m - a potion of lignification {unknown}
 n - 2 potions of magic {unknown}
 p - a potion of heal wounds {unknown}
 v - 2 potions of invisibility {unknown}
 z - a potion of cancellation {unknown}
 A - a potion of flight {unknown}
Books
 c - a book of Changes
Comestibles
 d - 2 bread rations
 w - a meat ration

Dungeon Overview and Level Annotations

Branches:
Dungeon (4/15)
 Temple: D:4-7

Altars:
Elyvilon
Kikubaaqudgha
Nemelex Xobeh
Zin

Shops:
D:4 (

Annotations:
D:4 Pikel


Message History

You are too injured to fight recklessly!
You are too injured to fight recklessly!
You are too injured to fight recklessly!
You are too injured to fight recklessly!
You are too injured to fight recklessly!
You are too injured to fight recklessly!
You are too injured to fight recklessly!
You are too injured to fight recklessly!
You are too injured to fight recklessly!
You are too injured to fight recklessly!
You are too injured to fight recklessly!
You hit the slave but do no damage.
The slave is heavily wounded.
You hit the slave.
The slave is heavily wounded.
The slave closely misses you.
You hit the slave but do no damage.
The slave is heavily wounded.
The slave hits you.
You closely miss the slave.
The slave is heavily wounded.
The slave completely misses you.
You hit the slave but do no damage.
The slave is heavily wounded.
The slave hits you!
You closely miss the slave.
The slave is heavily wounded.
The slave hits you.
You barely miss the slave.
The slave is heavily wounded.
The slave closely misses you.
You barely miss the slave.
The slave is heavily wounded.
The slave hits you.
You die...

#.#.#.#.#...#)#.#.#.#.# #..#...#
.#.#.#.#+...+#..#...#.# #..###.#
#.#.#.#.#...#.#..##.#.# #..# #.#
(#.#.#.#.#'#.#......#.# #..###..
#.#.#.#.#.#.#+##..#.#.# #....)..
.#.#.#.#.#.#...##.#.#<####.#####.
#.#.#.#.#.#+...+...........# #.
.#.#.#.#.#.#...###.........#####.
#.#.#.#.#.#.#+#.@p.........'.....
.#+#+#.#.#.#.#..##.........######
......#.#.#.#.#.##.........##....
......+#.#.#.#..##.[.......##.###
......#.#.#.#+#.##.>#.........# #
.#+#+#.#.#.#....#####.######)####
#.#.#.#.#.#+....'(...............
.#+#.#.....#....#####.###########
...)#.#...#.#'### #...(.#


You could see a slave.

Action                   |  1- 3 |  4- 6 || total
-------------------------+-------+-------++-------
Melee: Unarmed           |   136 |   221 ||   357
 Abil: Dig               |       |     3 ||     3
 Stab: Sleeping          |     1 |       ||     1
  Eat: Chunk             |     2 |     8 ||    10

Notes
Turn   | Place    | Note
--------------------------------------------------------------
     0 | D:1      | Duffy the Formicid Transmuter began the quest for the Orb.
     0 | D:1      | Reached XP level 1. HP: 15/15 MP: 3/3
   442 | D:1      | Reached XP level 2. HP: 18/21 MP: 5/5
  1088 | D:2      | Found an ancient bone altar of Kikubaaqudgha.
  1206 | D:2      | Reached skill level 4 in Unarmed Combat
  1206 | D:2      | Reached XP level 3. HP: 23/26 MP: 6/6
  1685 | D:2      | Noticed Natasha
  1695 | D:2      | Killed Natasha
  1695 | D:2      | Reached XP level 4. HP: 32/32 MP: 7/7
  1787 | D:2      | Noticed Natasha
  1789 | D:2      | Killed Natasha
  1789 | D:2      | Reached skill level 5 in Unarmed Combat
  1865 | D:2      | Found a faded altar to an unknown god.
  2102 | D:2      | Reached XP level 5. HP: 37/37 MP: 8/8
  2280 | D:3      | Found a sparkling altar of Nemelex Xobeh.
  2288 | D:3      | Found a white marble altar of Elyvilon.
  2381 | D:2      | Noticed Natasha
  2405 | D:2      | Killed Natasha
  2577 | D:2      | Found a glowing silver altar of Zin.
  2689 | D:3      | Reached skill level 6 in Unarmed Combat
  3319 | D:4      | Reached XP level 6. HP: 30/43 MP: 9/9
  3716 | D:4      | Noticed a slave
  3716 | D:4      | Noticed a slave
  3717 | D:4      | Noticed a slave
  3718 | D:4      | Noticed Pikel
  3718 | D:4      | Found Zufoick's Weapon Shoppe.
  3719 | D:4      | Noticed a slave
  3790 | D:3      | Killed a slave
  4087 | D:3      | Slain by a slave

Vault maps used:
D:1:      matt_arrival_grand_opening, nrook_uturn
D:2:      lemuel_upstairs_altar, kiku_gazebo_garden_becter, ecumenical_altar_2,
          uniq_natasha
D:3:      minitemple, first_bread
D:4:      serial_shops, shop, nicolae_shop_window_shopping,
          roderic_cross_of_infinity, uniq_pikel, uniq_duvessa

Vanquished Creatures
  A slave
  A hound
  An iguana Natasha (thrice)
  4 adders
  An ooze
  2 worms
  2 giant geckos
  2 orcs
  A ball python
  13 bats
  3 giant cockroaches
  5 goblins
  11 hobgoblins
  3 jackals
  2 quokkas
  5 giant newts
  3 kobolds
  7 rats
70 creatures vanquished.
